 Dungeon Crawl Stone Soup version 0.31-a0-175-g9f7f995f2b (webtiles) character file.

Game seed: 7790712338078688155

487 qw the Shooter (level 7, -1/44 HPs)
             Began as a Gargoyle Hunter on June 17, 2023.
             Slain by a centaur (2 damage)
             ... on level 5 of the Dungeon.
             The game lasted 00:01:05 (2408 turns).

qw the Shooter (Gargoyle Hunter)                    Turns: 2408, Time: 00:01:06

Health: -1/44      AC: 11    Str: 21    XL:     7   Next: 13%
Magic:  7/7        EV: 17    Int:  9    God:
Gold:   152        SH:  0    Dex: 18    Spells: 6/6 levels left

rFire   + . .        Y - +0 shortbow
rCold   + . .        (shield currently unavailable)
rNeg    + . .        p - +3 leather armour "Kugucud" {Dex+3}
rPois   inf          (no helmet)
rElec   +            c - scarf {rC+ rF+}
rCorr   .            j - +0 pair of gloves
SInv    .            (no boots)
Will    .....        (no amulet)
Stlth   ++           g - +6 ring of strength
HPRegen 0.27/turn    h - +5 ring of evasion
MPRegen 0.10/turn

%: no passive effects
@: about to teleport
A: sickness immunity, AC +4, negative energy resistance 1, electricity
resistance, torment resistance 1, petrification resistance
a: no special abilities


You were on level 5 of the Dungeon.
You visited 1 branch of the dungeon, and saw 5 of its levels.

You collected 178 gold pieces.
You spent 26 gold pieces at shops.


Innate Abilities, Weirdness & Mutations

You are immune to sickness and miasma.
Your stone body is resilient. (AC +4)
You are immune to poison.
You resist negative energy. (rN+)
You are resistant to electric shocks. (rElec)
You are resistant to unholy torment.
You are immune to petrification.


   Skills:
 - Level 4.9 Fighting
 + Level 6.6 Ranged Weapons
 - Level 1.0 Armour
 - Level 2.5 Dodging
 - Level 1.1 Stealth


You had 6 spell levels left.
You didn't know any spells.
Your spell library was empty.

Inventory:

Hand Weapons
 Y - a +0 shortbow (weapon)
Armour
 c - a scarf of resistance (worn)
 j - a +0 pair of gloves (worn)
 p - the +3 leather armour "Kugucud" (worn) {Dex+3}
   (You found it on level 4 of the Dungeon)

   Dex:       It affects your dexterity (+3).
Jewellery
 g - a +6 ring of strength (left hand)
 h - a +5 ring of evasion (right hand)
Wands
 a - a wand of digging (4)
Scrolls
 b - a scroll of identify
 k - 2 scrolls of teleportation
Potions
 e - a potion of enlightenment
 f - a potion of heal wounds
 i - a potion of cancellation
 l - a potion of curing
 m - a potion of mutation {unknown}
 o - a potion of invisibility {unknown}

Dungeon Overview and Level Annotations

Branches:
Dungeon (5/15)
 Temple: D:4-7

Altars:
Ashenzari

Shops:
D:2 ?

Annotations:
D:4 2 transporters, qw's ghost, amateur GrHu


Message History

You kill the black bear!
The centaur closely misses you. x2; The hound bites you.
The centaur completely misses you. The centaur closely misses you.
The hound barely misses you.
Your Dodging skill increases to level 2!
You have reached level 7!
You shoot an arrow. The arrow hits the centaur!
The centaur is severely wounded.
The centaur barely misses you. The centaur kicks you.
The hound closely misses you.
You shoot an arrow. The arrow closely misses the centaur.
The centaur misses you. x2; The hound closely misses you.
The centaur barely misses you. The centaur misses you.
The hound closely misses you.
The ogre hits you with a +0 giant club!!
Ouch! That really hurt!
You shoot an arrow.
The arrow hits the centaur but does no damage.
The centaur is severely wounded.
The centaur misses you. The centaur completely misses you.
The hound barely misses you.
The centaur hits you but does no damage.
The centaur misses you. The hound misses you.
You shoot an arrow. The arrow hits the centaur.
The centaur is almost dead.
The centaur hits you but does no damage.
The centaur closely misses you. The ogre hits you with a +0 giant club.
The hound misses you.
You shoot an arrow.
The arrow hits the centaur but does no damage.
The centaur is almost dead.
The centaur barely misses you. x2; The hound misses you.
The centaur barely misses you.
The centaur kicks you but does no damage.
The ogre hits you with a +0 giant club! The hound barely misses you.
2408 ||| READING 3 scrolls of teleportation.
As you read the scroll of teleportation, it crumbles to dust.
You feel strangely unstable. The centaur hits you.
You die...

#.........#
#.#...##..#
##.#.......#
#.....#.#..##
######.##.#####..#
#......##..#.....#
##.....###........#
.......# #####....#
.#.....# #..@##
#.....## #.cOh#
...##...####
#...... .#.
###....###...##...
## ####<.......
....# #####....
..#> #.... ..#
#..... ...


You could see an ogre, a centaur and a hound.

Vanquished Creatures
  An ogre (D:4)
  A black bear (D:5)
  2 hounds (D:4)
  2 iguanas (D:4)
  Ijyb (D:3)
  2 orc wizards
  6 adders
  An ufetubus (D:4)
  4 worms
  6 orcs
  4 ball pythons
  2 bats
  5 endoplasms
  4 giant cockroaches
  4 goblins
  6 hobgoblins
  3 quokkas
  A frilled lizard (D:3)
  A kobold (D:4)
  7 rats
63 creatures vanquished.

Notes
Turn   | Place    | Note
-------+----------+-------------------------------------------
     0 | D:1      | qw the Gargoyle Hunter began the quest for the Orb.
     0 | D:1      | Reached XP level 1. HP: 12/12 MP: 1/1
     0 | D:1      | 0 ||| qw: Version: 0.3-a-2-g5ab2908
     0 | D:1      | 0 ||| qw: Game counter: 180
     0 | D:1      | 0 ||| qw: Always use a shield: true
     0 | D:1      | 0 ||| qw: God list: Okawaru
     0 | D:1      | 0 ||| qw: Allow faded altars: false
     0 | D:1      | 0 ||| qw: Do Orc after D:15 true
     0 | D:1      | 0 ||| qw: Do second Lair branch before Depths: true
     0 | D:1      | 0 ||| qw: Lair rune preference: random
     0 | D:1      | 0 ||| qw: Plans: Normal, Zot:1-4, Slime:5, God:TSO, Crypt,
                  | Tomb, Abyss, Pan, Hells, Win
     0 | D:1      | 0 ||| PLANNING D:1-11
   260 | D:1      | Reached XP level 2. HP: 17/17 MP: 2/2
   579 | D:1      | 579 ||| UPGRADING to +0 ring mail.
   589 | D:1      | 589 ||| DROPPING +0 leather armour.
   590 | D:1      | 590 ||| UPGRADING to +6 ring of strength.
   591 | D:1      | 591 ||| UPGRADING to +5 ring of evasion.
   592 | D:1      | 592 ||| READING scroll labelled UMOL CEZEXAVVY.
   593 | D:1      | 593 ||| DRINKING 2 metallic orange potions.
   594 | D:1      | 594 ||| DROPPING scroll of butterflies.
   636 | D:2      | Reached skill level 1 in Armour
   749 | D:2      | Reached XP level 3. HP: 21/21 MP: 3/3
   882 | D:2      | Reached skill level 5 in Ranged Weapons
   972 | D:2      | Found Zofog's Magic Scroll Shop.
   975 | D:2      | 975 ||| BUYING scroll of identify (26 gold).
   975 | D:2      | Bought a scroll of identify for 26 gold pieces
   975 | D:2      | 975 ||| SHOPLISTING scroll of teleportation (39 gold, have
                  | 23).
  1032 | D:2      | 1032 ||| UPGRADING to +0 pair of gloves.
  1037 | D:2      | 1037 ||| READING scroll labelled VEROEF BOENEES.
  1041 | D:2      | 1041 ||| READING scroll labelled COYZ DOUTWUW.
  1042 | D:2      | 1042 ||| READING scroll labelled YCRIERINIA.
  1043 | D:2      | 1043 ||| READING 2 scrolls of identify.
  1043 | D:2      | 1043 ||| IDENTIFYING glowing dark potion
  1065 | D:3      | Noticed Ijyb
  1076 | D:3      | Killed Ijyb
  1077 | D:3      | Reached skill level 3 in Fighting
  1077 | D:3      | Reached XP level 4. HP: 25/28 MP: 4/4
  1102 | D:3      | 1102 ||| DRINKING potion of curing.
  1102 | D:3      | 1102 ||| (to cure confusion)
  1172 | D:3      | Found a broken altar of Ashenzari.
  1544 | D:3      | Reached XP level 5. HP: 32/32 MP: 5/5
  1786 | D:3      | 1786 ||| UPGRADING to scarf of resistance.
  1791 | D:3      | 1791 ||| READING scroll labelled YHOETA ITAYSKOFF.
  1826 | D:4      | 1826 ||| Stepping ~*~*~tactically~*~*~ (water).
  1845 | D:4      | Reached skill level 6 in Ranged Weapons
  1882 | D:4      | 1882 ||| Stepping ~*~*~tactically~*~*~ (water).
  1972 | D:4      | Noticed an ogre
  1979 | D:4      | Killed an ogre
  1980 | D:4      | Reached XP level 6. HP: 40/40 MP: 6/6
  2127 | D:4      | Noticed a small abomination
  2131 | D:4      | Identified the +3 leather armour "Kugucud" {Dex+3}
  2133 | D:4      | Noticed qw's ghost (amateur GrHu)
  2134 | D:4      | Found a transporter.
  2307 | D:4      | Found a transporter.
  2336 | D:4      | 2336 ||| UPGRADING to +3 leather armour "Kugucud" {Dex+3}.
  2346 | D:4      | 2346 ||| DROPPING +0 ring mail.
  2347 | D:4      | 2347 ||| READING scroll labelled JOTHU IMMOU.
  2348 | D:4      | 2348 ||| READING 3 scrolls of identify.
  2348 | D:4      | 2348 ||| IDENTIFYING fizzy dark potion
  2349 | D:4      | 2349 ||| READING 2 scrolls of identify.
  2349 | D:4      | 2349 ||| IDENTIFYING lumpy puce potion
  2361 | D:5      | Entered Level 5 of the Dungeon
  2390 | D:5      | Noticed a black bear
  2402 | D:5      | Killed a black bear
  2403 | D:5      | Reached XP level 7. HP: 40/44 MP: 7/7
  2407 | D:5      | HP: 1/44 [ogre/+0 giant club (12)]
  2408 | D:5      | 2408 ||| READING 3 scrolls of teleportation.
  2408 | D:5      | Slain by a centaur

Levels and vault maps discovered:
D:1:      lemuel_arrival_funnel, layout_basic
D:2:      layout_rooms, serial_shops, nicolae_shop_rolled_up
D:3:      layout_loops_ring, mainiacjoe_overflow_paths, uniq_ijyb
D:4:      layout_basic, gammafunk_ghost_abyssal_escape, minmay_strange_pillars,
          chequers_serial_rivers_small_a
D:5:      layout_rooms, nzn_wu_jian_contemplation,
          nicolae_ru_great_annihilating_truth, serial_shops, shop,
          minmay_misc_feat_square, roderic_three_in_a_row, st_stairs_14,
          minmay_chambers_of_fives

Skill      XL: |  1  2  3  4  5  6 |
---------------+-------------------+-----
Armour         | 1 |  1.0
Ranged Weapons | 5 6 |  6.6
Fighting       | 3 4 |  4.9
Dodging        | 2 |  2.5
Stealth        | |  1.1

Action                     |  1- 3 |  4- 6 |  7- 9 || total
---------------------------+-------+-------+-------++-------
   Fire: Shortbow          |    96 |   159 |     5 ||   260
    Use: Scroll            |     5 |     4 |     1 ||    10
         Potion            |     1 |     1 |       ||     2
 Armour: Ring mail         |     9 |     9 |       ||    18
         Leather armour    |     3 |     8 |     3 ||    14
  Dodge: Dodged            |    18 |    75 |    20 ||   113

Table legend:
 A = Non-vault XP
 B = Vault XP
 C = Vault XP percentage of total XP
 D = Non-vault monster count
 E = Vault monster count
 F = Vault count percentage of total count
                 A         B        C        D         E       F
            +---------+---------+-------+---------+---------+-------
      Total |     661 |      36 |   5.2 |      62 |       1 |   1.6
            +---------+---------+-------+---------+---------+-------
        D:1 |      14 |       0 |   0.0 |       9 |       0 |   0.0
        D:2 |      43 |       0 |   0.0 |      14 |       0 |   0.0
        D:3 |      73 |      36 |  33.0 |      14 |       1 |   6.7
        D:4 |     408 |       0 |   0.0 |      23 |       0 |   0.0
        D:5 |     123 |       0 |   0.0 |       2 |       0 |   0.0
            +---------+---------+-------+---------+---------+-------
